 Dungeon Crawl Stone Soup version 0.19.4-8-ga85b6b9 (webtiles) character file.

23 misty the Skirmisher (level 2, 0/24 HPs)
             Began as a Demonspawn Abyssal Knight on Feb 11, 2017.
             Was a Follower of Lugonu.
             Slain by an adder (1 damage)
             ... on level 2 of the Dungeon.
             The game lasted 00:12:57 (892 turns).

misty the Skirmisher (Demonspawn Abyssal Knight)     Turns: 892, Time: 00:12:57

Health: 0/24       AC:  3    Str: 12    XL:     2   Next: 72%
Magic:  3/3        EV: 11    Int: 13    God:    Lugonu [*.....]
Gold:   39         SH:  0    Dex: 12    Spells: 0 memorised, 1 level left

rFire  . . .     SeeInvis .     a - +1 mace
rCold  . . .     Gourm    .     b - +0 leather armour
rNeg   . . .     Faith    .     (no shield)
rPois  .         Spirit   .     (no helmet)
rElec  .         Reflect  .     (no cloak)
rCorr  .         Harm     .     (no gloves)
MR     .....                    (no boots)
Stlth  +.........               (no amulet)
                                (no ring)
                                (no ring)

@: lethally poisoned (0 -> -17)
A: sturdy frame 1
a: Depart the Abyss, Renounce Religion


You were on level 2 of the Dungeon.
You worshipped Lugonu.
Lugonu was aware of your devotion.
You were full.

You visited 1 branch of the dungeon, and saw 2 of its levels.
You visited the Abyss 1 time.

You collected 39 gold pieces.

Inventory:

Hand Weapons
 a - a +1 mace (weapon)
 h - a cursed +0 club
 i - a +0 dagger
 j - a +0 hunting sling
 l - a +0 dagger
 m - a +0 hunting sling
 o - a +0 short sword
Missiles
 k - 58 stones (quivered)
 p - 16 arrows
Armour
 b - a +0 leather armour (worn)
 c - a +0 ring mail
Scrolls
 d - a scroll of remove curse {unknown}
 f - a scroll of identify {unknown}
 g - a scroll of magic mapping {unknown}
Potions
 e - a potion of heal wounds {unknown}
Comestibles
 n - a beef jerky


   Skills:
 + Level 3.4 Fighting
 + Level 2.3 Maces & Flails
 + Level 1.8 Armour
 + Level 1.1 Dodging
 + Level 2.6 Invocations


You had one spell level left.
You didn't know any spells.

Dungeon Overview and Level Annotations

Branches:
Dungeon (2/15)

Altars:


Innate Abilities, Weirdness & Mutations

Your movements are slightly less encumbered by armour. (ER -2)


Message History

The adder is almost dead.
You feel sick. The adder closely misses you. The adder bites you.
You are more poisoned.
The adder poisons you!
You miss the adder.
The adder is almost dead.
* * * LOW HITPOINT WARNING * * *
You feel sick. The adder bites you.
* * * LOW HITPOINT WARNING * * *
You are more poisoned.
The adder poisons you! The adder closely misses you.
You barely miss the adder.
The adder is almost dead.
* * * LOW HITPOINT WARNING * * *
You feel sick. The adder barely misses you.
You barely miss the adder.
The adder is almost dead.
* * * LOW HITPOINT WARNING * * *
You feel sick. The adder bites you.
You die...

#.##..#.#####...#####.#.##.##†#
#.......# #...# #.#......<#
###.....### #...# #.#.......#
.#####.## #...# #.#.##.##.#
.#####.# ##.## #......##.#
.......# #######.# ###.##.##.#
######## #.......#####
#.......#
#.#.........##......####
#......@.......####...
.......S.#..... .###
#.............( #
#.#...#.##..#.! #........ .....
#####.... .#.. ###.# ## # #.#


You could see an adder.

Vanquished Creatures
  An ooze (D:2)
  A bat (D:1)
  2 giant cockroaches (D:2)
  4 jackals (D:1)
  2 frilled lizards
  4 goblins
  A kobold (D:2)
  2 rats
17 creatures vanquished.

Notes
Turn   | Place    | Note
-------+----------+-------------------------------------------
     0 | Abyss:1  | misty the Demonspawn Abyssal Knight began the quest for the Orb.
     0 | Abyss:1  | Reached XP level 1. HP: 18/18 MP: 2/2
    28 | D:1      | Escaped the Abyss
   291 | D:1      | Reached * piety under Lugonu
   370 | D:1      | Gained mutation: Your movements are slightly less encumbered by armour. (ER -2) [demonic ancestry]
   370 | D:1      | Reached XP level 2. HP: 12/24 MP: 3/3
   872 | D:2      | Reached skill level 1 in Dodging
   892 | D:2      | HP: 1/24 [poisoned by an adder]
   892 | D:2      | Slain by an adder

Skill      XL: |  1  2 |
---------------+-------+-----
Maces & Flails | 2 |  2.3
Dodging        | 1 |  1.1
Fighting       | |  3.4
Armour         | |  1.8
Invocations    | |  2.6

Action                   || total
-------------------------++-------
Melee: Mace              ||    57
Throw: Stone             ||     1
Invok: Depart the Abyss  ||     1
  Eat: Bread ration      ||     1
Armor: Leather armour    ||    36
Dodge: Dodged            ||    91
